 Dungeon Crawl Stone Soup version 0.18.1-8-gdd0e5ea (webtiles) character file.

28 mopl the Gusty (level 3, 24/24 HPs)
             Began as a Demonspawn Air Elementalist on May 22, 2016.
             Quit the game on level 2 of the Dungeon.
             The game lasted 00:04:06 (1809 turns).

mopl the Gusty (Demonspawn Air Elementalist)        Turns: 1809, Time: 00:04:07

Health: 24/24      AC:  2    Str:  8    XL:     3   Next: 0%
Magic:  2/6        EV: 12    Int: 17    God:
Gold:   64         SH:  0    Dex: 13    Spells: 1 memorised, 5 levels left

rFire  + . .     SeeInvis .     (no weapon)
rCold  . . .     Gourm    .     a - +0 robe
rNeg   . . .     Faith    +     (no shield)
rPois  .         Spirit   .     (no helmet)
rElec  .         Dismiss  .     (no cloak)
rCorr  .         Reflect  .     (no gloves)
SustAt .         Harm     .     (no boots)
MR     .....                    h - amulet of faith (curse) {!P}
Stlth  ++........               (no ring)
                                (no ring)

@: not resistant to hostile enchantments, unstealthy
A: talons 1, fire resistance 1
a: no special abilities


You were on level 2 of the Dungeon.
You were not hungry.

You visited 1 branch of the dungeon, and saw 2 of its levels.

You collected 64 gold pieces.

Inventory:

Armour
 a - a +0 robe (worn)
Jewellery
 h - a cursed amulet of faith (around neck) {!P}
Scrolls
 f - a scroll of magic mapping {unknown}
 j - a scroll of remove curse {unknown}
 l - 2 scrolls of enchant armour {unknown}
 m - 2 scrolls of teleportation {unknown}
 p - a scroll of identify
Potions
 d - a potion of cure mutation {!q}
 e - a potion of agility {unknown}
 g - a potion of heal wounds
 i - 2 potions of mutation {!q}
 k - a potion of might
 n - a potion of curing {unknown}
Books
 b - a book of Air

   Spells                             Type                      Level
   a - Shock                          Conjuration/Air              1
   b - Swiftness                      Charms/Air                   2
   c - Repel Missiles                 Charms/Air                   2
   d - Static Discharge               Conjuration/Air              3
   e - Lightning Bolt                 Conjuration/Air              5
Comestibles
 c - a bread ration
 o - 2 chunks of flesh


   Skills:
 - Level 1.7 Dodging
 - Level 1.7 Stealth
 + Level 2.4 Spellcasting
 + Level 1.8 Conjurations
 * Level 3.1 Air Magic


You had 5 spell levels left.
You knew the following spells:

 Your Spells              Type           Power        Failure   Level  Hunger
a - Shock                 Conj/Air       ##..         10%         1    #......


Dungeon Overview and Level Annotations

Branches:
Dungeon (2/15)

Altars:
Cheibriados
Kikubaaqudgha
Sif Muna


Innate Abilities, Weirdness & Mutations

You have sharp toenails.
Your flesh is heat resistant.


Message History

You hit the dart slug.
You kill the dart slug!
You have reached level 3!
Your experience leads to an increase in your attributes!
Increase (S)trength, (I)ntelligence, or (D)exterity?
You feel clever.
Your demonic ancestry asserts itself...
You feel resistant to heat.
You see here a dart slug corpse.
You butcher the dart slug corpse.
o - 3 chunks of flesh (gained 2) HP restored.
Found a stone staircase leading up.
Found an ancient bone altar of Kikubaaqudgha.
p - a scroll of identify You are feeling hungry.
Eat one of 3 chunks of flesh? (ye/n/q/i?) This raw flesh tastes terrible.
Your magical contamination has completely faded away.
You continue eating. x2
Are you sure you want to abandon this character and quit the game? (Confirm with "yes".)

#..........########.#####.
#######.#####.###............#
#.......# #.# #.#####.####.#
#.####### #.# #.# #.# #.# #.#
#.# #.# #.# #.# #.# #.# #.#
#.####.# ### # #.# #.#
#.#....# ##8## #.# #.#
#...#..# 8...8##@# #.#
###....# .....##.# #.# ##....
....._#.###.###### #....
.....##............##...
8...8######.#####.< ##.# ##8##
#... ...# ## ##### ..#### #. #
# #


There were no monsters in sight!

Vanquished Creatures
  A worm (D:2)
  3 dart slugs
  A giant gecko (D:1)
  A giant cockroach (D:1)
  2 hobgoblins
  3 jackals (D:1)
  A kobold (D:1)
  4 bats
  A giant newt (D:1)
  A rat (D:2)
18 creatures vanquished.

Notes
Turn   | Place    | Note
--------------------------------------------------------------
     0 | D:1      | mopl the Demonspawn Air Elementalist began the quest for the Orb.
     0 | D:1      | Reached XP level 1. HP: 13/13 MP: 3/3
   455 | D:1      | Gained mutation: You have sharp toenails. [demonic ancestry]
   455 | D:1      | Reached XP level 2. HP: 13/19 MP: 0/5
   672 | D:1      | Found a snail-covered altar of Cheibriados.
   984 | D:2      | Reached skill level 3 in Air Magic
  1761 | D:2      | Found a deep blue altar of Sif Muna.
  1791 | D:2      | Gained mutation: Your flesh is heat resistant. [demonic ancestry]
  1791 | D:2      | Reached XP level 3. HP: 23/24 MP: 0/6
  1798 | D:2      | Found an ancient bone altar of Kikubaaqudgha.
  1809 | D:2      | Quit the game

Skill      XL: |  1  2 |
---------------+-------+-----
Air Magic      | 3 |  3.1
Dodging        | |  1.7
Stealth        | |  1.7
Spellcasting   | |  2.4
Conjurations   | |  1.8

Action                   || total
-------------------------++-------
Melee: Unarmed           ||    30
       Kick              ||     4
 Cast: Shock             ||    57
  Use: Scroll            ||     4
  Eat: Chunk             ||     4
Armor: Robe              ||     7
Dodge: Dodged            ||    28
